Map: Prion Terraces

Players

skamy - Winner!

  • Race: Zerg Zerg
  • League: Diamond

ILLBdA

  • Race: Protoss Protoss
  • League: Diamond

VOD

Have the link to the VOD?

Description

Time

  • Played on: Dec. 10, 2015, 9:24 a.m.
  • Length: 4:57
Show
View Real Time Build Order
Export as new Build Order

skamy Zerg - Winner!

Build Orders: 3 Hatch before Pool 

Get SALT Encoding   

  12  0:00  Drone  
  13  0:08  Drone  
  14  0:17  Overlord  
  14  0:36  Drone x3  
  17  0:47  Drone  
  18  0:59  Hatchery, Drone  
  18  1:08  Drone  
  19  1:19  Drone  
  19  1:23  Hatchery  
  19  1:29  Drone  
  20  1:33  Extractor  
  19  1:40  Drone  
  19  1:45  Spawning Pool  
  19  1:51  Drone  
  20  2:09  Drone  
  20  2:11  Drone  
  20  2:14  Drone  
  23  2:22  Drone  
  24  2:24  Overlord  
  24  2:37  Queen x2  
  24  2:39  Queen  
  24  2:41  Drone x2  
  32  2:45  Drone x2  
  32  2:48  Drone x2  
  36  2:52  Metabolic Boost  
  36  3:03  Zergling x6  
  36  3:05  Zergling x2  
  40  3:10  Zergling x4  
  40  3:43  Zergling x2  
  40  3:44  Zergling x2  
  40  3:45  Overlord x2, Zergling x2  
  41  3:55  Zergling x4  
  41  4:05  Zergling x22  
  50  4:12  Queen  
  49  4:23  Zergling x12  
  56  4:55  Extractor  
  56  4:56  Extractor  
Show
View Real Time Build Order
Export as new Build Order

ILLBdA Protoss 

Build Orders: Nexus First, Mass Adepts 

Get SALT Encoding   

  12  0:01  Probe (Chrono Boost)  
  13  0:14  Probe (Chrono Boost)  
  14  0:20  Pylon  
  14  0:24  Probe (Chrono Boost)  
  15  0:38  Probe (Chrono Boost)  
  16  0:48  Probe (Chrono Boost)  
  17  1:02  Nexus  
  17  1:08  Gateway  
  17  1:11  Probe (Chrono Boost)  
  18  1:22  Assimilator  
  18  1:24  Probe (Chrono Boost)  
  19  1:27  Assimilator  
  19  1:37  Gateway  
  19  1:38  Probe (Chrono Boost)  
  20  1:48  Probe (Chrono Boost)  
  21  1:58  Cybernetics Core  
  21  1:59  Probe (Chrono Boost)  
  22  2:04  Pylon  
  22  2:09  Probe (Chrono Boost)  
  22  2:14  Probe (Chrono Boost)  
  24  2:20  Probe (Chrono Boost)  
  25  2:25  Probe (Chrono Boost)  
  26  2:31  Probe (Chrono Boost)  
  26  2:34  Adept x2 (Chrono Boost)  
  31  2:37  Warp Gate  
  31  2:43  Mothership Core  
  37  2:58  Adept x2 (Chrono Boost)  
  37  3:11  Robotics Facility  
  37  3:22  Adept (Chrono Boost)  
  39  3:28  Pylon  
  39  3:31  Pylon  
  37  3:39  Adept (Chrono Boost)  
  36  3:46  Adept (Chrono Boost)  
  38  4:02  Adept (Chrono Boost)  
  40  4:04  Warp Prism  
  40  4:09  Adept (Chrono Boost)  
  44  4:25  Gateway  
  44  4:26  Adept (Chrono Boost)  
  44  4:27  Gateway  
  44  4:30  Gateway  
  38  4:40  Sentry  
  38  4:41  Pylon  
  38  4:43  Pylon  
Tags
 
Add a new tag
Caveats
  • Supply blocks, unpowered buildings, or Contaminate may cause inaccurate times.
  • Supply counts are checked every 10 seconds.